AoeStats
← Xipitus

Arabia

506168527Analyzed
1v1 RM · 19d ago on Sep 12, 2026· 47m 33s· 2 players
Game mode
Random Map
Map size
Tiny (2 player)
Population
200
Speed
Normal
Resources
Standard
Victory
Conquest
Starting age
Dark Age
Ending age
Imperial Age
RankedLock teamsTeams togetherTeam positionsShared explorationLock speedFull tech treeHidden civsTurbo modeCheats
Victory
Defeat
🇨🇴 Dravidians · Colombia
1553
+13
🇪🇸 Malay · Spain
1491
-13
Xipitus
6:34 Loom
9:21 Feudal Age
10:57 Horse Collar
15:46 Fletching
17:33 Padded Archer Armor
25:45 Castle Age
25:06 Gold Mining
25:04 Double-Bit Axe
24:44 Crossbowman
25:21 Bodkin Arrow
29:39 Ballistics
37:57 Imperial Age
37:44 Bracer
38:02 Town Watch
39:28 Arbalester
43:13 Chemistry
42:49 Leather Archer Armor
mambaplayerS3
7:31 Loom
9:31 Feudal Age
9:47 Man-at-Arms
13:59 Double-Bit Axe
15:48 Padded Archer Armor
17:11 Arson
17:44 Fletching
18:16 Scale Mail Armor
19:51 Horse Collar
21:06 Wheelbarrow
24:12 Castle Age
23:58 Gold Mining
24:17 Long Swordsman
24:58 Squires
25:17 Chain Mail Armor
25:36 Gambesons
26:17 Leather Archer Armor
27:07 Forging
27:10 Elite Skirmisher
28:44 Bodkin Arrow
29:33 Stone Mining
30:45 Ballistics
34:00 Bow Saw
33:50 Town Watch
40:34 Imperial Age
40:49 Iron Casting
40:53 Hand Cart
42:22 Chemistry
41:30 Bracer
41:16 Two-Handed Swordsman
43:02 Ring Archer Armor
44:37 Conscription
45:18 Plate Mail Armor
Connection lost

Rejoining the realm…

Still unreachable

The connection could not be restored.

Session expired

The server has moved on; the page needs a fresh start.